 Dungeon Crawl Stone Soup version 0.30-a0-313-gae38170b09 (webtiles) character file.

Game seed: 10697803303510785211

774 rioalex the Ruffian (level 7, -1/66 HPs)
             Began as a Troll Gladiator on Oct 26, 2022.
             Was an Initiate of Ashenzari.
             Slain by a wolf (4 damage)
             ... on level 8 of the Dungeon.
             The game lasted 00:33:19 (5678 turns).

rioalex the Ruffian (Troll Gladiator)               Turns: 5678, Time: 00:33:20

Health: -1/66      AC:  8    Str: 23    XL:     7   Next: 53%
Magic:  0/6        EV: 11    Int:  6    God:    Ashenzari [......]
Gold:   253        SH:  0    Dex: 11    Spells: 6/6 levels left

rFire   . . .      SeeInvis .      - Unarmed
rCold   . . .      Faith    .    (no shield)
rNeg    . . .      Spirit   +    a - +0 robe
rPois   .          Reflect  .    b - +0 hat
rElec   .          Harm     .    (no cloak)
rCorr   .          Rampage  .    (gloves unavailable)
Will    .....                    (boots unavailable)
Stlth   ++........               h - amulet of guardian spirit
HPRegen 1.11/turn                p - +4 ring of protection
MPRegen 0.10/turn                (no ring)

@: no status effects
A: large, unfitting armour, claws 3, regeneration 1, shaggy fur 1, tough skin 1
a: Renounce Religion, Curse Item


You were on level 8 of the Dungeon.
You worshipped Ashenzari.
Ashenzari was noncommittal.
You visited 1 branch of the dungeon, and saw 6 of its levels.

You collected 253 gold pieces.

Inventory:

Hand Weapons
 k - a +0 dagger
 l - a +0 whip
 m - a +0 spear
 o - a +0 club
 r - a +0 flail
 J - a +0 sling
Missiles
 c - 3 throwing nets (quivered)
 d - a large rock
 j - 48 stones
 B - 6 curare-tipped darts
 D - 4 atropa-tipped darts
Armour
 a - a +0 robe (worn)
 b - a +0 hat (worn)
 e - a +0 ring mail
 f - a +0 leather armour
 s - a +0 ring mail
 y - a +1 hat
 z - a +1 hat
 I - a +0 robe
 L - a +0 chain mail
Jewellery
 h - an amulet of guardian spirit (around neck)
 p - a +4 ring of protection (left claw)
 v - an amulet of faith
 A - a ring of magical power
 N - a ring of wizardry
 Q - a +6 ring of dexterity
Wands
 M - a wand of mindburst (19)
 P - a wand of iceblast (5)
Scrolls
 i - a scroll of fear {unknown}
 n - 2 scrolls of identify {unknown}
 q - 2 scrolls of noise {unknown}
 x - a scroll of butterflies {unknown}
 C - a scroll of magic mapping {unknown}
 E - a scroll of silence {unknown}
 G - a scroll of torment {unknown}
 H - a scroll of enchant armour {unknown}
 O - a scroll of blinking {unknown}
Potions
 u - 3 potions of haste {unknown}
 w - a potion of cancellation {unknown}
 F - a potion of might {unknown}
 K - a potion of ambrosia {unknown}


   Skills:
 + Level 2.7 Fighting
 + Level 2.1 Throwing
 + Level 4.4 Dodging
 + Level 1.2 Stealth
 + Level 6.6 Unarmed Combat


You had 6 spell levels left.
You didn't know any spells.
Your spell library contained the following spells:

 Spells                   Type           Power      Damage    Failure   Level
 Blink                    Tloc           0%         N/A       58%         2
 Momentum Strike          Conj/Tloc      0%         3d8       58%         2
 Lesser Beckoning         Tloc           0%         N/A       83%         3


Dungeon Overview and Level Annotations

Branches:
Dungeon (5/15)             Temple (0/1) D:5            Lair (0/5) D:8

Altars:
Ashenzari
Vehumet

Annotations:
D:3 3 runed translucent doors
D:8 Joseph


Innate Abilities, Weirdness & Mutations

You are too large for most types of armour.
You have claws for hands.
Your natural rate of healing is unusually fast.
You are covered in fur. (AC +1)
You have tough skin. (AC +1)


Message History

* * * LOW HITPOINT WARNING * * *
The hound closely misses you.
You closely miss the wolf. The hound closely misses you.
The wolf bites you but does no damage. The steam dragon breathes steam at you.
The ball of steam hits you.
* * * LOW HITPOINT WARNING * * *
The hound bites you but does no damage.
You hear a howl!
It was a potion of curing.
You feel better.
You are engulfed in a cloud of scalding steam.
* * * LOW HITPOINT WARNING * * *
The wolf is engulfed in a cloud of scalding steam.
The wolf closely misses you. The hound closely misses you.
The wolf is engulfed in a cloud of scalding steam.
The wolf barely misses you.
The wolf is engulfed in a cloud of scalding steam.
The wolf bites you but does no damage. The steam dragon bites you.
* * * LOW HITPOINT WARNING * * *
The steam dragon barely misses you.
You miss the wolf.
The wolf is moderately wounded.
The hound barely misses you.
The wolf is engulfed in a cloud of scalding steam.
The wolf bites you but does no damage.
The wolf is engulfed in a cloud of scalding steam.
The wolf closely misses you. The hound bites you but does no damage.
The hound closely misses you. The steam dragon bites you!
* * * LOW HITPOINT WARNING * * *
The steam dragon misses you.
You feel better. The wolf bites you.
* * * LOW HITPOINT WARNING * * *
The wolf bites you.
* * * LOW HITPOINT WARNING * * *
The hound bites you but does no damage.
The hound is engulfed in a cloud of scalding steam.
The hound bites you but does no damage. The wolf bites you!
* * * LOW HITPOINT WARNING * * *
The wolf bites you.
You die...

#. <............~
... ...........~≈
..##..........~≈
.............≈≈ .###
#............~
.....##.@.........~
#....hhDh.......~≈
#@hh.......≈~≈.~.
##hh.......~~....
#T#......~~~.~.>
..###........~≈~....
............~~≈~.~.~
#....#........~≈≈~~~
######......(.≈≈~~~≈
#......~~~~≈.≈≈
##.....~....~~.


You could see Joseph, a troll, a steam dragon, 2 wolves and 5 hounds.

Vanquished Creatures
  The ghost of PaleRider the Covert, a novice KoBr (D:4)
  Sigmund (D:3)
  A scorpion (D:5)
  A howler monkey (D:5)
  An electric eel (D:8)
  A hound (D:8)
  A jelly (D:4)
  An iguana (D:5)
  2 orc wizards
  3 adders
  A shadow imp (D:4)
  A worm (D:2)
  A dart slug (D:2)
  13 orcs
  4 endoplasms
  2 giant cockroaches
  9 goblins
  2 hobgoblins
  3 jackals (D:4)
  10 kobolds
  2 quokkas
  8 ball pythons
  6 bats
  A frilled lizard (D:3)
  2 rats (D:2)
78 creatures vanquished.

Vanquished Creatures (others)
  3 plants (D:5)
3 creatures vanquished.

Grand Total: 81 creatures vanquished

Notes
Turn   | Place    | Note
-------+----------+-------------------------------------------
     0 | D:1      | rioalex the Troll Gladiator began the quest for the Orb.
     0 | D:1      | Reached XP level 1. HP: 19/19 MP: 0/0
   193 | D:1      | Found a faded altar of an unknown god.
   208 | D:1      | Prayed at the altar of an unknown god.
   208 | D:1      | Became a worshipper of Ashenzari the Shackled
   398 | D:1      | Reached XP level 2. HP: 28/28 MP: 1/1
  1646 | D:2      | Reached XP level 3. HP: 21/35 MP: 2/2
  1895 | D:2      | Reached XP level 4. HP: 8/42 MP: 0/3
  3115 | D:2      | Reached skill level 4 in Unarmed Combat
  3320 | D:3      | Noticed Sigmund
  3327 | D:3      | Killed Sigmund
  3328 | D:3      | Reached XP level 5. HP: 37/49 MP: 2/4
  3334 | D:3      | Found a runed translucent gate.
  3334 | D:3      | Found a runed translucent gate.
  3334 | D:3      | Found a runed translucent gate.
  3653 | D:4      | Noticed PaleRider's ghost (novice KoBr)
  3654 | D:4      | Found a runed translucent door.
  3715 | D:4      | Killed PaleRider's ghost
  3716 | D:4      | Reached skill level 1 in Stealth
  3716 | D:4      | Reached skill level 5 in Unarmed Combat
  3716 | D:4      | Reached XP level 6. HP: 58/59 MP: 5/5
  3987 | D:4      | Reached XP level 7. HP: 57/66 MP: 6/6
  4163 | D:4      | Reached skill level 6 in Unarmed Combat
  5036 | D:5      | Entered Level 5 of the Dungeon
  5036 | D:5      | Found a radiant altar of Vehumet.
  5594 | D:5      | Found a staircase to the Ecumenical Temple.
  5638 | D:5      | You fall into a shaft and drop 3 floors!
  5650 | D:8      | Noticed Joseph
  5654 | D:8      | Found a staircase to the Lair.
  5654 | D:8      | Noticed a troll
  5655 | D:8      | Noticed a steam dragon
  5678 | D:8      | HP: 3/66 [wolf (9)]
  5678 | D:8      | Slain by a wolf

Illustrated notes

Levels and vault maps discovered:
D:1:      tarquinn_simple_flora_water_b, layout_basic,
          chequers_ecumenical_altar_simple, minmay_split_cup_small
D:2:      layout_loops_corners, item_on_display_b
D:3:      layout_loops_ring, gammafunk_ghost_nasty_kobolds,
          guppyfry_early_orc_mine, uniq_sigmund
D:4:      layout_gridville, hellmonk_ghost_happy_afterlife
D:5:      layout_gridville, mainiacjoe_overflow_chevrons, chei_slow_surprise,
          minmay_temple_entry_gardened_gates, ebering_ghost_sewer_d,
          uniq_grinder
D:8:      layout_cave_pools, erik_lair_island, minmay_misc_feat_four_crosses,
          nicolae_fountain_basement, uniq_joseph

Skill      XL: |  1  2  3  4  5  6  7 |
---------------+----------------------+-----
Throwing       | 2 |  2.1
Dodging        | 3 4 |  4.4
Fighting       | 2 |  2.7
Unarmed Combat | 4 5 6 |  6.6
Stealth        | 1 |  1.2

Action                   |  1- 3 |  4- 6 |  7- 9 || total
-------------------------+-------+-------+-------++-------
Melee: Unarmed           |    64 |    92 |    55 ||   211
       Punch             |     3 |     2 |     2 ||     7
Throw: Throwing net      |     1 |       |       ||     1
       Stone             |       |       |     5 ||     5
       Javelin           |       |       |     2 ||     2
  Use: Potion            |       |       |     2 ||     2
Armor: Robe              |    46 |    55 |    62 ||   163
Dodge: Dodged            |    72 |    49 |    82 ||   203

Table legend: (Time is in decaauts)
 A = Elapsed time spent in this place.
 B = Non-inter-level travel time spent in this place.
 C = Inter-level travel time spent in this place.
 D = Time resting spent in this place.
 E = Time spent auto-exploring this place.
 F = Levels seen in this place.
 G = Mean time per level.
                   A        B        C        D        E       F      G
               +--------+--------+--------+--------+--------+-----+--------+
         Total |   5667 |   5657 |     10 |      0 |     44 |   6 |  944.5 |
       Dungeon |   5667 |   5657 |     10 |      0 |     44 |   6 |  944.5 |
               +--------+--------+--------+--------+--------+-----+--------+

Top non-repeatable levels by time:
     D:2: 1684 daAuts
     D:1: 1636 daAuts
     D:4: 1422 daAuts
     D:5: 598 daAuts
     D:3: 285 daAuts
     D:8: 39 daAuts
